 Dungeon Crawl Stone Soup version 0.20.0-10-g0535bb4 (webtiles) character file.

14230 greprep the Carver (level 11, -17/104 HPs)
             Began as a Minotaur Fighter on June 7, 2017.
             Was a Believer of Ashenzari.
             Hit by a large rock thrown by a stone giant (23 damage)
             ... in a volcano.
             The game lasted 00:28:09 (13364 turns).

greprep the Carver (Minotaur Fighter)              Turns: 13364, Time: 00:28:10

Health: -17/104    AC: 11    Str: 30    XL:     11   Next: 86%
Magic:  10/10      EV: 10    Int:  5    God:    Ashenzari [**....]
Gold:   689        SH: 13    Dex: 11    Spells: 10/10 levels left

rFire    + . .     SeeInvis .   O - +0 long sword (protect)
rCold    . . .     Gourm    +   c - +0 shield (curse)
rNeg     . . .     Faith    .   b - +0 plate armour {rPois} (curse)
rPois    +         Spirit   .   (helmet restricted)
rElec    .         Reflect  .   (no cloak)
rCorr    .         Harm     .   x - +0 pair of gloves
MR       +....                  (no boots)
Stlth    ..........             u - amulet of the gourmand (curse)
Regen    0.3/turn               t - ring of protection from magic (curse)
MPRegen  0.2/turn               K - ring of protection from fire

@: mighty, hasted, very quick
A: retaliatory headbutt, horns 2, blink, deformed body, strong 1, wild magic 1
a: Blink, Curse Item, Scrying, Renounce Religion


You were in a volcano.
You worshipped Ashenzari.
Ashenzari was pleased with you.
You were not hungry.

You visited 3 branches of the dungeon, and saw 12 of its levels.
You also visited: Sewer and Volcano.

You collected 731 gold pieces.
You spent 42 gold pieces at shops.

Inventory:

Hand Weapons
 G - the +9 dagger of Disorder {pierce, *Slow Str+5 Dex+3}
   (You found it on level 1 of the Lair of Beasts)

   It inflicts extra damage upon your enemies.
   It affects your strength (+5).
   It affects your dexterity (+3).
   It may slow you when you take damage.
 J - a +0 scimitar of flaming
 O - a +0 long sword of protection (weapon)
 P - a +0 scimitar of flaming
Armour
 b - a cursed +0 plate armour of poison resistance (worn)
 c - a cursed +0 shield (worn)
 x - a +0 pair of gloves (worn)
Jewellery
 t - a cursed ring of protection from magic (left hand)
 u - a cursed amulet of the gourmand (around neck)
 y - an uncursed ring of flight
 K - a ring of protection from fire (right hand)
 N - a +3 ring of strength
Wands
 A - a wand of digging (21/24)
 B - a wand of flame (11/48)
 L - a wand of paralysis (8/24)
Scrolls
 e - 4 scrolls of amnesia
 h - 3 scrolls of fog {unknown}
 i - 5 scrolls of teleportation {unknown}
 j - 2 scrolls of remove curse
 k - 11 scrolls of identify
 o - a scroll of recharging {unknown}
 p - 3 scrolls of fear {unknown}
 q - 3 scrolls of blinking {unknown}
 v - a scroll of noise {unknown}
 w - 9 scrolls of magic mapping {unknown}
 H - 2 scrolls of enchant weapon {unknown}
Potions
 a - 2 potions of resistance {unknown}
 m - 3 potions of berserk rage {unknown}
 r - 4 potions of mutation
 s - a potion of degeneration {unknown}
 z - a potion of agility
 C - a potion of brilliance {unknown}
 E - a potion of ambrosia {unknown}
 I - 3 potions of curing
Books
 g - a book of Necromancy

   Spells                             Type                      Level
   a - Pain                           Necromancy                   1
   b - Animate Skeleton               Necromancy                   1
   c - Vampiric Draining              Necromancy                   3
   d - Regeneration                   Charms/Necromancy            3
   e - Animate Dead                   Necromancy                   4
   f - Control Undead                 Necromancy                   4
 F - a book of Minor Magic

   Spells                             Type                      Level
   a - Magic Dart                     Conjuration                  1
   b - Blink                          Translocation                2
   c - Call Imp                       Summoning                    2
   d - Slow                           Hexes                        2
   e - Conjure Flame                  Conjuration/Fire             3
   f - Mephitic Cloud                 Conjuration/Poison/Air       3
Comestibles
 f - 6 bread rations
 l - 4 fruits
 n - 5 royal jellies
 M - a meat ration


   Skills:
 * Level 12.0 Fighting
 + Level 12.3 Long Blades
 + Level 10.5 Armour
 * Level 5.1 Dodging
 - Level 1.2 Stealth
 + Level 11.1(12.4) Shields


You had 10 spell levels left.
You didn't know any spells.

Dungeon Overview and Level Annotations

Branches:
Dungeon (10/15)            Temple (1/1) D:6            Lair (1/6) D:9
    Orc (0/2) D:10

Altars:
Ashenzari
Cheibriados
Dithmenos
Elyvilon
Fedhas
Gozag
Hepliaklqana
Kikubaaqudgha
Makhleb
Nemelex Xobeh
Okawaru
Qazlal
Ru
Sif Muna
Trog
Uskayaw
Vehumet
Xom
Yredelemnul
Zin
The Shining One
Beogh

Shops:
D:5 (   D:7 *[(


Innate Abilities, Weirdness & Mutations

You reflexively headbutt those who attack you in melee.
You have a pair of horns on your head.
You can translocate small distances at will.
Armour fits poorly on your strangely shaped body.
Your muscles are strong. (Str +2)
Your spells are a little harder to cast, but a little more powerful.


Message History

The stone giant is lightly wounded.
The stone giant hits you!!
* * * LOW HITPOINT WARNING * * *
You barely miss the stone giant.
You headbutt the stone giant, but do no damage.
The stone giant is lightly wounded.
The stone giant hits you!!
* * * LOW HITPOINT WARNING * * *
You block the fire elemental's attack.
The stone giant throws a large rock.
You block the large rock.
You see here a large rock.
The fire elemental hits you. The fire elemental burns you! You resist.
* * * LOW HITPOINT WARNING * * *
You feel yourself speed up.
The stone giant is engulfed in blazing flames.
The fire elemental misses you. You furiously retaliate!
You headbutt the fire elemental. You block the fire elemental's attack.
The stone giant throws a large rock.
The large rock hits you!!
You die...

§.#..#................##(.§..)[!
..)......≈§≈§≈§≈≈.......#.##.∩.)
###....≈§§§§§§§≈§......####**≈ $
#.....§§≈≈≈§§§≈≈≈≈....# * ≈
#....≈§≈≈§≈§§≈≈§≈.§..## * ≈
##....≈§≈≈§§§≈≈≈≈§....# **
##.....≈≈≈≈≈≈≈≈§.....# *
##.....≈≈≈≈≈≈EC..#.##
##.........@.....##**
##...#...##....##.#* ≈
#...####.####### #.≈ ≈ ###.##
### ..≈ ###..## * ,.≈§ ##§§...##
*, ≈≈≈≈ #§≈.§...## * #§≈§§....#
, * ##§≈....## ,


You could see a stone giant and a fire elemental.

Vanquished Creatures
  The ghost of Gorglomux the Grappler, a novice TrVM of Cheibriados (D:9)
  Erica (D:8)
  The ghost of KlownO the Grappler, a novice TrEE (D:8)
  Joseph (D:8)
  A gargoyle (Volcano)
  A spiny frog (Lair:1)
  An efreet (Volcano)
  The ghost of greprep the Shield-Bearer, an amateur MiFi of Ashenzari (Sewer)
  A troll (D:10)
  5 blink frogs
  Grinder (D:5)
  The ghost of bgiannan the Skirmisher, an amateur GrFi (D:4)
  A hippogriff (Lair:1)
  A spriggan (D:7)
  A wraith (D:10)
  10 yaks
  2 hungry ghosts
  Grum (D:8)
  Edmund (D:5)
  A water moccasin (D:7)
  13 orc warriors
  A porcupine (Lair:1)
  2 ice beasts (D:9)
  A sky beast (D:9)
  2 phantoms
  3 wolves (D:8)
  10 ogres
  5 centaurs
  6 big kobolds
  3 bullfrogs
  3 gnoll sergeants (D:10)
  An earth elemental (Volcano)
  A scorpion (D:4)
  15 wights
  4 howler monkeys
  An electric eel (D:10)
  13 crimson imps
  A quasit (D:5)
  3 jellies
  3 bullfrog skeletons
  3 centaur skeletons
  5 orc priests
  A gnoll shaman (D:6)
  4 hounds
  7 orc wizards
  2 iguanas
  6 worker ants
  A hound zombie (D:5)
  A hound skeleton (D:5)
  12 gnolls
  A howler monkey skeleton (D:4)
  4 river rats
  17 adders
  A shadow imp (D:8)
  2 white imps (D:7)
  2 adder skeletons
  2 worms
  2 dart slugs
  9 leopard geckos
  52 orcs
  9 ball pythons
  8 giant cockroaches
  7 goblins
  10 hobgoblins
  8 jackals
  3 quokkas
  9 bats
  13 frilled lizards
  A giant cockroach zombie (D:5)
  19 kobolds
  A leopard gecko skeleton (D:8)
  11 rats
358 creatures vanquished.

Vanquished Creatures (others)
  3 fungi (Lair:1)
3 creatures vanquished.

Grand Total: 361 creatures vanquished

Notes
Turn   | Place    | Note
-------+----------+-------------------------------------------
     0 | D:1      | greprep the Minotaur Fighter began the quest for the Orb.
     0 | D:1      | Reached XP level 1. HP: 19/19 MP: 0/0
   132 | D:1      | Reached XP level 2. HP: 20/27 MP: 1/1
   557 | D:2      | Reached XP level 3. HP: 28/33 MP: 2/2
   858 | D:2      | You fall through a shaft!
   917 | D:3      | Reached XP level 4. HP: 40/40 MP: 3/3
  1465 | D:3      | Reached skill level 5 in Armour
  1592 | D:3      | Reached XP level 5. HP: 45/46 MP: 4/4
  1908 | D:4      | Reached XP level 6. HP: 46/53 MP: 5/5
  2011 | D:4      | Reached skill level 5 in Shields
  2063 | D:4      | Reached skill level 5 in Long Blades
  2063 | D:4      | Reached skill level 1 in Dodging
  2286 | D:4      | Noticed bgiannan's ghost (amateur GrFi)
  2536 | D:4      | Killed bgiannan's ghost
  2536 | D:4      | Reached skill level 5 in Fighting
  2536 | D:4      | Reached XP level 7. HP: 41/61 MP: 6/6
  2858 | D:5      | Entered Level 5 of the Dungeon
  2951 | D:5      | Noticed Edmund
  3190 | D:5      | Reached skill level 1 in Stealth
  3274 | D:5      | Killed Edmund
  3274 | D:5      | Reached XP level 8. HP: 56/70 MP: 7/7
  3387 | D:5      | Found a glowing drain.
  3397 | Sewer    | Entered a sewer
  3783 | Sewer    | Noticed greprep's ghost (amateur MiFi)
  3799 | Sewer    | Killed greprep's ghost
  4094 | D:5      | Found Lyurupra's Antique Weapon Shop.
  4251 | D:5      | Noticed Grinder
  5064 | D:5      | Killed Grinder
  5389 | D:6      | Reached XP level 9. HP: 79/79 MP: 8/8
  5405 | D:6      | Found a staircase to the Ecumenical Temple.
  5836 | Temple   | Entered the Ecumenical Temple
  6326 | D:6      | Found a runed door.
  7785 | D:6      | Found a roughly hewn altar of Beogh.
  8489 | D:7      | Found Xaeraxif's Antique Weapon Emporium.
  8503 | D:7      | Found a shadowy altar of Dithmenos.
  8509 | D:7      | Reached skill level 10 in Long Blades
  8604 | D:7      | Found Tisotso's Armour Shop.
  8658 | D:7      | Found a snail-covered altar of Cheibriados.
  8658 | D:7      | Found a shattered altar of Ashenzari.
  8661 | D:7      | Became a worshipper of Ashenzari the Shackled
  8674 | D:7      | Found Kiash's General Store.
  8718 | D:7      | Reached XP level 10. HP: 82/91 MP: 9/9
  8845 | D:7      | Found a hazy altar of Hepliaklqana.
  8845 | D:7      | Found a sacrificial altar of Ru.
  8854 | D:7      | Found a white marble altar of Elyvilon.
  8857 | D:7      | Found an iron altar of Okawaru.
  8891 | D:7      | You fall through a shaft!
  9275 | D:7      | Bought a potion of curing for 42 gold pieces
  9422 | D:8      | Noticed Joseph
  9440 | D:8      | Killed Joseph
  9637 | D:8      | Noticed Erica
  9651 | D:8      | Killed Erica
  9651 | D:8      | Reached skill level 10 in Fighting
  9671 | D:8      | Noticed Grum
  9677 | D:8      | Killed Grum
  9905 | D:8      | Noticed KlownO's ghost (novice TrEE)
  9929 | D:8      | Killed KlownO's ghost
  9954 | D:8      | Reached skill level 10 in Shields
 10476 | D:9      | Found a staircase to the Lair.
 10494 | D:9      | Noticed Gorglomux's ghost (novice TrVM)
 10521 | D:9      | Killed Gorglomux's ghost
 10521 | D:9      | Reached XP level 11. HP: 69/101 MP: 10/10
 10637 | D:9      | Reached * piety under Ashenzari
 11183 | D:10     | Entered Level 10 of the Dungeon
 11552 | D:10     | Reached ** piety under Ashenzari
 11592 | D:10     | Found a staircase to the Orcish Mines.
 12312 | Lair:1   | Entered Level 1 of the Lair of Beasts
 12787 | Lair:1   | Gained mutation: Your spells are a little harder to cast, but a little more powerful. [potion of mutation]
 12787 | Lair:1   | Gained mutation: Armour fits poorly on your strangely shaped body. [potion of mutation]
 12787 | Lair:1   | Gained mutation: Your muscles are strong. (Str +2) [potion of mutation]
 12787 | Lair:1   | Gained mutation: You can translocate small distances at will. [potion of mutation]
 12792 | Lair:1   | Reached skill level 10 in Armour
 12865 | Lair:1   | Found a dark tunnel.
 12873 | Lair:1   | Got the dagger of Disorder {pierce, *Slow Str+5 Dex+3}
 12961 | Volcano  | Entered a volcano
 13147 | Volcano  | Reached skill level 5 in Dodging
 13337 | Volcano  | Noticed a stone giant
 13361 | Volcano  | HP: 5/104 [fire elemental (4)]
 13364 | Volcano  | Hit by a large rock thrown by a stone giant

Skill      XL: |  1  2  3  4  5  6  7  8  9 10 11 |
---------------+----------------------------------+-----
Armour         | 4 5 6 8 9 10 | 10.5
Shields        | 4 5 6 7 8 10 11 | 11.1
Fighting       | 4 5 7 9 10 12 | 12.0
Long Blades    | 3 4 6 7 8 10 11 12 | 12.3
Dodging        | 1 2 3 5 |  5.1
Stealth        | 1 |  1.2

Action                   |  1- 3 |  4- 6 |  7- 9 | 10-12 || total
-------------------------+-------+-------+-------+-------++-------
Melee: Long sword        |    99 |   149 |   305 |   119 ||   672
       Headbutt          |    11 |    27 |   105 |   118 ||   261
       Scimitar          |       |       |   177 |   376 ||   553
Invok: Curse Item        |       |       |       |     4 ||     4
  Use: Potion            |       |     1 |     2 |     9 ||    12
       Scroll            |       |       |       |     1 ||     1
  Eat: Chunk             |       |     9 |     7 |     9 ||    25
       Meat ration       |       |       |     2 |       ||     2
       Bread ration      |       |       |     1 |     2 ||     3
Armor: Scale mail        |    68 |    63 |    92 |       ||   223
       Plate armour      |       |       |    63 |   171 ||   234
Dodge: Dodged            |    29 |    57 |   129 |   125 ||   340
Block: Shield            |    69 |    66 |   237 |   291 ||   663
       Rpst.: Long sword |     7 |    17 |    28 |    15 ||    67
       Scimitar          |       |       |    11 |    18 ||    29
